 Dungeon Crawl Stone Soup version 0.23-a0-730-g0b75920 (webtiles) character file.

69 frimble the Grasshopper (level 4, -2/30 HPs)
             Began as an Octopode Warper on Jan 18, 2019.
             Slain by an adder (3 damage)
             ... on level 4 of the Dungeon.
             The game lasted 00:02:20 (1638 turns).

frimble the Grasshopper (Octopode Warper)           Turns: 1638, Time: 00:02:20

Health: -2/30      AC:  1    Str: 10    XL:     4   Next: 20%
Magic:  7/7        EV: 14    Int: 15    God:
Gold:   89         SH:  0    Dex: 12    Spells: 5/7 levels left

rFire    . . .     SeeInvis .   a - +0 falchion
rCold    . . .     Gourm    .   (no shield)
rNeg     . . .     Faith    .   (helmet restricted)
rPois    .         Spirit   .   (no amulet)
rElec    .         Reflect  .   (no ring)
rCorr    .         Harm     .   (no ring)
MR       .....                  (no ring)
Stlth    ++........             (no ring)
HPRegen  0.10/turn              (no ring)
MPRegen  0.10/turn              (no ring)
                                (no ring)
                                (no ring)

@: lethally poisoned (-2 -> -4), very slightly contaminated
A: almost no armour, stealthy swim, amphibious, 8 rings, constrict 8, camouflage
1, gelatinous body 1
a: no special abilities


You were on level 4 of the Dungeon.
You were not hungry.

You visited 1 branch of the dungeon, and saw 4 of its levels.

You collected 89 gold pieces.

Inventory:

Hand Weapons
 a - a +0 falchion (weapon)
Missiles
 d - 5 tomahawks of dispersal
 m - 2 throwing nets (quivered)
Scrolls
 i - a scroll of amnesia {unknown}
 j - a scroll of enchant weapon {unknown}
 o - a scroll of enchant armour {unknown}
Potions
 g - 3 potions of curing
 h - a potion of haste {unknown}
 k - 2 potions of brilliance {unknown}
 l - a potion of heal wounds {unknown}
 n - a potion of ambrosia {unknown}
Comestibles
 b - a chunk of flesh
 f - a ration


   Skills:
 + Level 2.9 Fighting
 + Level 2.8 Long Blades
 - Level 1.0 Throwing
 + Level 3.1 Dodging
 - Level 2.0 Spellcasting
 + Level 3.2 Translocations


You had 5 spell levels left.
You knew the following spells:

 Your Spells              Type           Power        Failure   Level  Hunger
a - Blink                 Tloc           N/A          9%          2    ###....

Your spell library contained the following spells:

 Spells                   Type           Power        Failure   Level  Hunger
 Shroud of Golubria       Chrm/Tloc      #.........   17%         2    ###....
 Gell's Gravitas          Tloc           ##........   19%         3    ###....
 Lesser Beckoning         Tloc           ##........   19%         3    ###....
 Teleport Other           Tloc           ##......     19%         3    ###....
 Passage of Golubria      Tloc           N/A          52%         4    #####..


Dungeon Overview and Level Annotations

Branches:
Dungeon (4/15)
 Temple: D:4-7

Altars:
Yredelemnul

Annotations:
D:3 Terence
D:4 Sigmund


Innate Abilities, Weirdness & Mutations

You cannot wear most types of armour.
You are very stealthy in the water. (Stealth+)
You are amphibious.
You can wear up to eight rings at the same time.
You can use your tentacles to constrict eight enemies at once.
Your skin changes colour to match your surroundings (Stealth+).
Your rubbery body absorbs attacks. (AC +1, EV +1)


Message History

* * * LOW HITPOINT WARNING * * *
The giant cockroach closely misses you.
You feel less confused. Sigmund gestures at you while chanting.
The puff of flame misses you. The adder barely misses you.
The adder misses you.
You riposte.
The orc shouts!
You hit the adder but do no damage. You grab the adder.
You hear a shout! x2
You release your grip on the adder.
Sigmund casts a spell.
Sigmund flickers and vanishes!
Deactivating autopickup; reactivate with Ctrl-A.
The adder bites you.
* * * LOW HITPOINT WARNING * * *
You are lethally poisoned!
The adder poisons you!
* * * LOW HITPOINT WARNING * * *
You feel sick. The adder bites you.
You die...

...... #....# ..
#..).####
....###.......#
.....#.........#
>...........>..##
................###
...<........$..@.#
#............Ss.#
###...........O...##
.......$...........#
#.................#
##..........o......#
#...........##.....# #
##..........#......#
#.##.................#


You could see an ogre, an adder, an orc and a giant cockroach.

Vanquished Creatures
  A worker ant (D:3)
  A worm (D:3)
  A dart slug (D:2)
  5 leopard geckos
  5 bats
  2 giant cockroaches
  3 goblins
  4 hobgoblins
  2 kobolds
  A quokka (D:2)
  A ball python (D:1)
  3 frilled lizards
  4 rats
33 creatures vanquished.

Notes
Turn   | Place    | Note
-------+----------+-------------------------------------------
     0 | D:1      | frimble the Octopode Warper began the quest for the Orb.
     0 | D:1      | Reached XP level 1. HP: 14/14 MP: 3/3
   143 | D:1      | Reached XP level 2. HP: 19/19 MP: 5/5
   715 | D:2      | Reached XP level 3. HP: 21/25 MP: 6/6
   966 | D:2      | Learned a level 2 spell: Blink
  1332 | D:3      | Noticed Terence
  1455 | D:3      | Reached XP level 4. HP: 22/30 MP: 7/7
  1609 | D:4      | Found a basalt altar of Yredelemnul.
  1609 | D:4      | Noticed an ogre
  1623 | D:4      | Noticed Sigmund
  1638 | D:4      | HP: 1/30 [poisoned by an adder]
  1638 | D:4      | Slain by an adder

Vault maps used:
D:1:      dpeg_arrival_tiny_i, minmay_pentomino_q2
D:3:      first_ration, uniq_natasha, uniq_jessica, uniq_terence
D:4:      kennysheep_okawaru_gauntlet, grunt_temple_overflow_open,
          lemuel_crystal_altar, serial_bayou_ford_a,
          fedhas_bush_and_centaur_altar, uniq_sigmund

Skill      XL: |  1  2  3 |
---------------+----------+-----
Dodging        | 3 |  3.1
Fighting       | |  2.9
Long Blades    | |  2.8
Throwing       | |  1.0
Spellcasting   | |  2.0
Translocations | |  3.2

Action                   |  1- 3 |  4- 6 || total
-------------------------+-------+-------++-------
Melee: Falchion          |    59 |     4 ||    63
       Tentacles         |    12 |     1 ||    13
       Constrict         |    15 |     3 ||    18
  Use: Scroll            |     2 |     1 ||     3
 Stab: Sleeping          |     7 |       ||     7
  Eat: Chunk             |     2 |       ||     2
Armor: Skin              |     2 |       ||     2
Dodge: Dodged            |    31 |     9 ||    40
       Rpst.: Falchion   |     9 |     1 ||    10

Table legend:
 A = Non-vault XP
 B = Vault XP
 C = Vault XP percentage of total XP
 D = Non-vault monster count
 E = Vault monster count
 F = Vault count percentage of total count
                 A         B        C        D         E       F
            +---------+---------+-------+---------+---------+-------
      Total |      95 |       4 |   4.0 |      31 |       2 |   6.1
            +---------+---------+-------+---------+---------+-------
        D:1 |      28 |       4 |  12.5 |      15 |       2 |  11.8
        D:2 |      22 |       0 |   0.0 |      10 |       0 |   0.0
        D:3 |      45 |       0 |   0.0 |       6 |       0 |   0.0
            +---------+---------+-------+---------+---------+-------
